 Dungeon Crawl Stone Soup version 0.31-a0-177-g4aa6249778 (webtiles) character file.

Game seed: 165958475874450122

193 qw the Shooter (level 5, 0/49 HPs)
             Began as a Naga Hunter on June 18, 2023.
             Slain by a goblin
             ... wielding a +0 dagger
             ... led by Robin
              (5 damage)
             ... on level 3 of the Dungeon.
             The game lasted 00:01:50 (2597 turns).

qw the Shooter (Naga Hunter)                        Turns: 2597, Time: 00:01:51

Health: 0/49       AC:  4    Str: 13    XL:     5   Next: 72%
Magic:  5/5        EV:  9    Int:  9    God:
Gold:   81         SH:  0    Dex: 17    Spells: 4/4 levels left

rFire   . . .        Y - +1 shortbow
rCold   . . .        (shield currently unavailable)
rNeg    . . .        c - +0 leather armour
rPois   +            (no helmet)
rElec   .            (no cloak)
rCorr   .            f - +0 pair of gloves
SInv    +            (no barding)
Will    .....        (no amulet)
Stlth   ++           d - +4 ring of slaying {mikee}
HPRegen 0.28/turn    (no ring)
MPRegen 0.09/turn

%: no passive effects
@: short of breath, very slow
A: AC +1, large, see invisible, deformed body, poison resistance, slowness 2,
spit poison 1, naga tail 1
a: Spit Poison


You were on level 3 of the Dungeon.
You visited 1 branch of the dungeon, and saw 3 of its levels.

You collected 81 gold pieces.


Innate Abilities, Weirdness & Mutations

Your serpentine skin is tough. (AC +1)
You have supernaturally acute eyesight. (SInv)
Armour fits poorly on your strangely shaped body.
Your system is resistant to poisons. (rPois)
You cover ground very slowly.
You can spit poison.
You have a snake-like lower body.


   Skills:
 - Level 3.3 Fighting
 + Level 5.6 Ranged Weapons
 - Level 1.5 Dodging
 - Level 1.5 Stealth


You had 4 spell levels left.
You didn't know any spells.
Your spell library was empty.

Inventory:

Hand Weapons
 Y - a +1 shortbow (weapon)
Armour
 c - a +0 leather armour (worn)
 f - a +0 pair of gloves (worn)
Jewellery
 d - a +4 ring of slaying (left hand) {mikee}
 e - a ring of ice
 g - a +6 ring of intelligence
 j - an amulet of the acrobat
Potions
 a - a potion of might {unknown}
 b - a potion of lignification {unknown}
 h - a potion of brilliance {unknown}
 i - a potion of curing

Dungeon Overview and Level Annotations

Branches:
Dungeon (3/15)

Altars:
Sif Muna

Shops:
D:1 !

Annotations:
D:2 1 runed translucent door, Crazy Yiuf
D:3 Robin


Message History

You kill the goblin!
The goblin hits you with a +0 dagger.
The hobgoblin hits you but does no damage.
The goblin closely misses you. The goblin hits you but does no damage.
You shoot an arrow. The arrow hits the kobold!
You kill the kobold!
The goblin hits you but does no damage. The goblin hits you with a +0 dagger.
The hobgoblin barely misses you. The goblin hits you with a +0 dagger.
Robin roars a battlecry!
The goblins go into a battle-frenzy!
The hobgoblin hits you. Robin throws the goblin at you!
The goblin hits you with a +0 dagger. The goblin hits you but does no damage.
The goblin hits you with a +0 dagger. The goblin hits you with a +0 club.
You hear a shout!
You shoot an arrow. The arrow closely misses the goblin.
You have got your breath back.
The goblin barely misses you. The hobgoblin closely misses you.
The goblin misses you. The goblin barely misses you. Robin barely misses you.
The goblin hits you but does no damage.
2594 ||| INVOKING Spit Poison.
Aiming: Spit Poison (1% risk of failure)
Press: ? - help, Shift-Dir - straight line, f/p - goblin The splash of poison hits the goblin!
You kill the goblin!
The goblin barely misses you. The goblin hits you with a +0 dagger.
The hobgoblin hits you but does no damage.
Robin barely misses you. The goblin barely misses you.
You shoot an arrow. The arrow hits the hobgoblin.
The hobgoblin is lightly wounded.
The hobgoblin barely misses you. The goblin hits you with a +0 dagger.
The goblin hits you but does no damage. x2; Robin closely misses you.
You shoot an arrow. The arrow hits the hobgoblin!
You kill the hobgoblin!
Robin hits you from afar with a +0 spear.
The goblin barely misses you. The goblin hits you with a +0 club.
The goblin hits you with a +0 dagger.
You shoot an arrow. The arrow hits the goblin!
You kill the goblin!
Robin closely misses you. The goblin hits you with a +0 dagger.
You die...

### ... .. #.
.....##.. ... #.###
.. ...#.#... ...
..g. ..###.#.#..#
#.##.)####g
........#..#
#.#)......g
....#...#..# #.#g)g#
....#......# #.#@).#
........#..###.g)%.#
.).................#
....#......###.#.###
#.#.#......# #.#.#
#.#.#.###..# #.#.#
#.#.#.###..# #.#.#
.............###.#
###.#.###..#.# .# .#


You could see Robin and 3 goblins.

Vanquished Creatures
  A scorpion (D:2)
  Natasha (thrice) (D:2)
  5 orcs (D:3)
  3 endoplasms
  11 goblins
  3 hobgoblins (D:3)
  3 jackals (D:1)
  3 quokkas
  10 ball pythons
  2 frilled lizards
  6 kobolds
  6 rats
56 creatures vanquished.

Notes
Turn   | Place    | Note
-------+----------+-------------------------------------------
     0 | D:1      | qw the Naga Hunter began the quest for the Orb.
     0 | D:1      | Reached XP level 1. HP: 19/19 MP: 1/1
     0 | D:1      | 0 ||| qw: Version: 0.3-a-7-ge0c9b40
     0 | D:1      | 0 ||| qw: Game counter: 730
     0 | D:1      | 0 ||| qw: Always use a shield: true
     0 | D:1      | 0 ||| qw: God list: Okawaru
     0 | D:1      | 0 ||| qw: Allow faded altars: false
     0 | D:1      | 0 ||| qw: Do Orc after D:15 true
     0 | D:1      | 0 ||| qw: Do second Lair branch before Depths: true
     0 | D:1      | 0 ||| qw: Lair rune preference: random
     0 | D:1      | 0 ||| qw: Plans: Normal
     0 | D:1      | 0 ||| PLANNING D:1-11
    13 | D:1      | Found Uxel's Distillery.
    21 | D:1      | 21 ||| SHOPLISTING potion of enlightenment (55 gold, have
                  | 0).
    21 | D:1      | 21 ||| SHOPLISTING potion of haste (110 gold, have 0).
    21 | D:1      | 21 ||| SHOPLISTING potion of might (44 gold, have 0).
    62 | D:1      | 62 ||| INVOKING Spit Poison.
   192 | D:1      | 192 ||| INVOKING Spit Poison.
   212 | D:1      | 212 ||| INVOKING Spit Poison.
   213 | D:1      | Reached skill level 4 in Ranged Weapons
   213 | D:1      | Reached XP level 2. HP: 26/26 MP: 2/2
   290 | D:1      | 290 ||| INVOKING Spit Poison.
   296 | D:1      | 296 ||| INVOKING Spit Poison.
   300 | D:1      | 300 ||| INVOKING Spit Poison.
   342 | D:1      | 342 ||| INVOKING Spit Poison.
   349 | D:1      | 349 ||| INVOKING Spit Poison.
   353 | D:1      | 353 ||| INVOKING Spit Poison.
   358 | D:1      | 358 ||| INVOKING Spit Poison.
   704 | D:1      | 704 ||| UPGRADING to +0 pair of gloves.
   709 | D:1      | 709 ||| UPGRADING to +4 ring of slaying {mikee}.
   710 | D:1      | 710 ||| READING scroll labelled VOKHLO HAYLUBBIEPN.
   711 | D:1      | 711 ||| READING scroll labelled YSYLUL YWINAEF.
   715 | D:1      | 715 ||| DROPPING scroll of butterflies.
   766 | D:2      | 766 ||| INVOKING Spit Poison.
   788 | D:2      | Reached XP level 3. HP: 32/32 MP: 3/3
   788 | D:2      | 788 ||| INVOKING Spit Poison.
   855 | D:2      | Found a shimmering blue altar of Sif Muna.
   943 | D:2      | Noticed Natasha
   944 | D:2      | 944 ||| READING scroll labelled VEELUO PIEL.
   966 | D:2      | 966 ||| INVOKING Spit Poison.
   967 | D:2      | Killed Natasha
  1080 | D:2      | Noticed Natasha
  1083 | D:2      | 1083 ||| Stepping ~*~*~tactically~*~*~ (outnumbered).
  1086 | D:2      | 1086 ||| Stepping ~*~*~tactically~*~*~ (outnumbered).
  1087 | D:2      | 1087 ||| INVOKING Spit Poison.
  1089 | D:2      | Killed Natasha
  1090 | D:2      | Reached skill level 5 in Ranged Weapons
  1090 | D:2      | Reached XP level 4. HP: 32/39 MP: 4/4
  1212 | D:2      | 1212 ||| READING scroll labelled JOTWEWK IPEZI.
  1216 | D:2      | Noticed a scorpion
  1242 | D:2      | 1242 ||| INVOKING Spit Poison.
  1246 | D:2      | 1246 ||| INVOKING Spit Poison.
  1249 | D:2      | 1249 ||| INVOKING Spit Poison.
  1250 | D:2      | Killed a scorpion
  1251 | D:2      | Reached skill level 3 in Fighting
  1251 | D:2      | Reached XP level 5. HP: 49/49 MP: 5/5
  1301 | D:2      | Noticed Natasha
  1303 | D:2      | 1303 ||| INVOKING Spit Poison.
  1306 | D:2      | 1306 ||| INVOKING Spit Poison.
  1309 | D:2      | 1309 ||| INVOKING Spit Poison.
  1310 | D:2      | Killed Natasha
  1402 | D:2      | 1402 ||| INVOKING Spit Poison.
  1426 | D:2      | 1426 ||| INVOKING Spit Poison.
  1498 | D:2      | Found a runed translucent door.
  1499 | D:2      | Noticed Crazy Yiuf
  2346 | D:2      | 2346 ||| Stepping randomly (stuck).
  2472 | D:3      | 2472 ||| INVOKING Spit Poison.
  2477 | D:3      | 2477 ||| INVOKING Spit Poison.
  2483 | D:3      | 2483 ||| INVOKING Spit Poison.
  2486 | D:3      | 2486 ||| INVOKING Spit Poison.
  2491 | D:3      | 2491 ||| INVOKING Spit Poison.
  2526 | D:3      | 2526 ||| INVOKING Spit Poison.
  2541 | D:3      | 2541 ||| INVOKING Spit Poison.
  2555 | D:3      | 2555 ||| INVOKING Spit Poison.
  2581 | D:3      | 2581 ||| INVOKING Spit Poison.
  2586 | D:3      | Noticed Robin
  2587 | D:3      | 2587 ||| Stepping ~*~*~tactically~*~*~ (outnumbered).
  2588 | D:3      | 2588 ||| INVOKING Spit Poison.
  2594 | D:3      | 2594 ||| INVOKING Spit Poison.
  2596 | D:3      | HP: 11/49 [Robin/+0 spear (6)]
  2596 | D:3      | HP: 4/49 [goblin/+0 dagger[Robin] (5)]
  2597 | D:3      | Slain by a goblin

Levels and vault maps discovered:
D:1:      dpeg_arrival_shrine, layout_basic, serial_shops, shop,
          minmay_crystal_room, kennysheep_decorative_pillar,
          hangedman_decor_growths, minmay_small_reverse_x
D:2:      layout_basic, serial_co_window_serial, co_window_of_opportunity_a,
          co_window_paths_b, co_window_cross_1, co_window_cross_1,
          co_window_corner_a, co_window_unsneaky_path_d, co_window_broadway_b,
          co_window_unsneaky_path_c, co_window_unsneaky_path_b, glass_columns_a,
          glass_columns_a, glass_columns_a, basic_altar, uniq_natasha,
          uniq_crazy_yiuf_cottage
D:3:      layout_basic, okawaru_gym_becter, dreamdust_ecumenical_altar_statues,
          uniq_robin

Skill      XL: |  1  2  3  4 |
---------------+-------------+-----
Ranged Weapons | 4 5 |  5.6
Fighting       | 3 |  3.3
Dodging        | |  1.5
Stealth        | |  1.5

Action                     |  1- 3 |  4- 6 || total
---------------------------+-------+-------++-------
   Fire: Shortbow          |    53 |    47 ||   100
Ability: Spit Poison       |    14 |    19 ||    33
    Use: Scroll            |     3 |     1 ||     4
 Armour: Leather armour    |     2 |    20 ||    22
  Dodge: Dodged            |     4 |    21 ||    25

Table legend:
 A = Non-vault XP
 B = Vault XP
 C = Vault XP percentage of total XP
 D = Non-vault monster count
 E = Vault monster count
 F = Vault count percentage of total count
                 A         B        C        D         E       F
            +---------+---------+-------+---------+---------+-------
      Total |     223 |      56 |  20.1 |      43 |      13 |  23.2
            +---------+---------+-------+---------+---------+-------
        D:1 |      23 |       7 |  23.3 |      15 |       4 |  21.1
        D:2 |     169 |      33 |  16.3 |      12 |       1 |   7.7
        D:3 |      31 |      16 |  34.0 |      16 |       8 |  33.3
            +---------+---------+-------+---------+---------+-------
